[Event "January 2 Early 2024"]
[Site "https://www.chess.com"]
[Date "2024.01.02"]
[Round "3"]
[White "Rees, Ioan"]
[Black "Spata, German"]
[Result "0-1"]
[Board "102"]
[TimeControl "180+1"]
[WhiteFideId "1801236"]
[BlackFideId "113026"]
[WhiteElo "2421"]
[BlackElo "2660"]
[WhiteTeam "WLS"]
[BlackTeam "ARG"]
[WhiteClock "0:01:19"]
[BlackClock "0:00:18"]

1. e4 g6 2. d4 Bg7 3. Nf3 d6 4. Bd3 a6 5. O-O Bg4 6. c3 Nc6 7. Nbd2 e5 8. d5 Nce7 9. h3 Bd7 10. Re1 Nf6 11. c4 O-O 12. Nf1 Nh5 13. Ng3 Nxg3 14. fxg3 h6 15. g4 b5 16. Qc2 c6 17. b3 bxc4 18. bxc4 cxd5 19. cxd5 Qa5 20. Bd2 Qa4 21. Qxa4 Bxa4 22. Rec1 Rfc8 23. Rxc8+ Nxc8 24. Rc1 Nb6 25. Ba5 Nd7 26. Bb4 Bf8 27. Nd2 Rb8 28. a3 Bb5 29. Bxb5 axb5 30. Rc6 Nc5 31. Kf2 Nd3+ 32. Ke3 Nxb4 33. axb4 Ra8 34. Rb6 Be7 35. Rxb5 Bg5+ 36. Kd3 Ra3+ 37. Kc4 Bxd2 38. Rb8+ Kg7 39. b5 Rc3+ 0-1

[Event "January 2 Early 2024"]
[Site "https://www.chess.com"]
[Date "2024.01.02"]
[Round "3"]
[White "Iskusnyh, Sergei"]
[Black "Mayaud, Raphael"]
[Result "1-0"]
[Board "103"]
[TimeControl "180+1"]
[WhiteFideId "4120027"]
[BlackFideId "627151"]
[WhiteElo "2657"]
[BlackElo "2421"]
[WhiteTeam "RUS"]
[BlackTeam "FRA"]
[WhiteClock "0:00:39"]
[BlackClock "0:00:35"]

1. d4 Nf6 2. c4 c5 3. d5 b5 4. cxb5 a6 5. e3 e6 6. Nc3 exd5 7. Nxd5 Bb7 8. Nxf6+ Qxf6 9. Nf3 Be7 10. bxa6 Nxa6 11. Be2 d5 12. Qa4+ Kf8 13. O-O h6 14. Qb5 Qc6 15. Ne5 Qxb5 16. Bxb5 Nc7 17. Be2 f6 18. Ng6+ Kf7 19. Nxh8+ Rxh8 20. Bd2 Rb8 21. a4 Ba6 22. Bxa6 Nxa6 23. Bc3 Bd6 24. Rfd1 Ke6 25. a5 Be5 26. f4 Bxc3 27. bxc3 Rb3 28. Rab1 c4 29. Rxb3 cxb3 30. Rb1 Nc5 31. Rxb3 1-0

[Event "January 2 Early 2024"]
[Site "https://www.chess.com"]
[Date "2024.01.02"]
[Round "3"]
[White "Piesik, Piotr"]
[Black "Alivodic, Dario"]
[Result "1-0"]
[Board "104"]
[TimeControl "180+1"]
[WhiteFideId "1136194"]
[BlackFideId "16501632"]
[WhiteElo "2655"]
[BlackElo "2417"]
[WhiteTeam "CZE"]
[BlackTeam "MNE"]
[WhiteClock "0:00:34"]
[BlackClock "0:00:00"]

1. Nf3 d5 2. g3 Nf6 3. Bg2 Bg4 4. O-O Nbd7 5. d3 e5 6. Nbd2 Bc5 7. e4 dxe4 8. dxe4 Qe7 9. h3 Bh5 10. Qe1 O-O 11. Nb3 Bb6 12. Nh4 Bg6 13. Nxg6 hxg6 14. a4 a6 15. a5 Ba7 16. Be3 Nc5 17. Nd2 Ne6 18. c3 Bxe3 19. Qxe3 Rfd8 20. Nc4 Qc5 21. Qxc5 Nxc5 22. Nxe5 Ncxe4 23. Rfe1 Nd6 24. Rad1 Re8 25. c4 Rab8 26. c5 Nb5 27. c6 bxc6 28. Nxc6 Rxe1+ 29. Rxe1 Re8 30. Rxe8+ Nxe8 31. Nb4 Ned6 32. Nxa6 Nc4 33. Bf1 Ncd6 34. Nc5 Kf8 35. a6 Ke7 36. Nb7 Na7 37. Bg2 Kd7 38. Nc5+ Kc8 39. f4 c6 40. b4 Kc7 41. Kf2 Kb6 42. Bf1 Nac8 43. Nd7+ Ka7 44. Ne5 f6 45. Nxc6+ Kb6 46. Nd4 Na7 47. Ne6 Ne4+ 48. Kg2 Nd2 49. Be2 Nb3 50. Nxg7 Nd4 51. Bc4 Ndc6 52. b5 Nxb5 53. Bxb5 Kxb5 54. g4 Kxa6 55. h4 Kb7 56. h5 gxh5 57. gxh5 Ne7 58. h6 Kc8 59. f5 Kd7 60. h7 1-0

[Event "January 2 Early 2024"]
[Site "https://www.chess.com"]
[Date "2024.01.02"]
[Round "3"]
[White "Mammadova, Narmin"]
[Black "Spichkin, Alexander"]
[Result "0-1"]
[Board "105"]
[TimeControl "180+1"]
[WhiteFideId "13403710"]
[BlackFideId "4144074"]
[WhiteElo "2655"]
[BlackElo "2417"]
[WhiteTeam "AZE"]
[BlackTeam "RUS"]
[WhiteClock "0:00:00"]
[BlackClock "0:00:50"]

1. e4 e5 2. Nf3 d5 3. exd5 e4 4. Qe2 Nf6 5. Nc3 Be7 6. Nxe4 Nxd5 7. Nc3 Nb4 8. d3 O-O 9. Qd1 N8c6 10. Be2 Bg4 11. O-O Bxf3 12. Bxf3 Nd4 13. Bxb7 Rb8 14. Be4 Nbxc2 15. Rb1 f5 16. Bd5+ Kh8 17. Bc4 Bd6 18. a3 Qh4 19. h3 g5 20. f4 g4 21. Kh2 Rbe8 22. b4 Ne3 23. Bxe3 Rxe3 24. Qd2 Qg3+ 25. Kh1 gxh3 26. Rbe1 Rxe1 0-1

[Event "January 2 Early 2024"]
[Site "https://www.chess.com"]
[Date "2024.01.02"]
[Round "3"]
[White "Feuerstack, Aljoscha"]
[Black "Mazurkiewicz, Michal"]
[Result "1-0"]
[Board "106"]
[TimeControl "180+1"]
[WhiteFideId "4681932"]
[BlackFideId "1124943"]
[WhiteElo "2651"]
[BlackElo "2415"]
[WhiteTeam "GER"]
[BlackTeam "POL"]
[WhiteClock "0:00:12"]
[BlackClock "0:00:00"]

1. e4 d6 2. Nc3 Nf6 3. g3 c5 4. Bg2 g6 5. Nf3 Bg7 6. O-O O-O 7. d4 cxd4 8. Nxd4 Nc6 9. Re1 Rb8 10. h3 Nxd4 11. Qxd4 b5 12. Qxa7 Be6 13. Qe3 Qc8 14. Kh2 b4 15. Nd5 Bxd5 16. exd5 Qxc2 17. Re2 Qc4 18. b3 Qb5 19. Bb2 Nxd5 20. Bxd5 Qxd5 21. Bxg7 Kxg7 22. Qxe7 Rbe8 23. Qxe8 Rxe8 24. Rxe8 Qd4 25. Rf1 Qd2 26. Kg2 Qxa2 27. Re3 d5 28. Rd1 Kf6 29. Rxd5 Qa8 30. Rf3+ Ke6 31. Rd4 Qb7 32. g4 f5 33. Kg3 Qc7+ 34. Kg2 Qc6 35. Rf4 Qd5 36. gxf5+ gxf5 37. Rxf5 h5 38. Rxd5 Kxd5 39. Rf5+ 1-0

[Event "January 2 Early 2024"]
[Site "https://www.chess.com"]
[Date "2024.01.02"]
[Round "3"]
[White "Aadit Bhatia"]
[Black "Lizak, Peter"]
[Result "1/2-1/2"]
[Board "107"]
[TimeControl "180+1"]
[WhiteFideId "25088955"]
[BlackFideId "731595"]
[WhiteElo "2413"]
[BlackElo "2651"]
[WhiteTeam "IND"]
[BlackTeam "HUN"]
[WhiteClock "0:00:20"]
[BlackClock "0:00:08"]

1. Nf3 Nf6 2. g3 d5 3. Bg2 c5 4. O-O Nc6 5. d4 e6 6. c4 Be7 7. cxd5 exd5 8. Nc3 O-O 9. dxc5 Bxc5 10. Bg5 d4 11. Bxf6 Qxf6 12. Ne4 Qe7 13. Nxc5 Qxc5 14. Rc1 Qb6 15. Qd2 Be6 16. b3 Rad8 17. Rfd1 h6 18. Ne1 Rfe8 19. Nd3 Bg4 20. Re1 Ne5 21. Nc5 Re7 22. h3 Bh5 23. Nxb7 Rxb7 24. Bxb7 Qxb7 25. Qa5 Re8 26. f4 Qe4 27. fxe5 Qe3+ 28. Kg2 d3 29. Qb5 Rxe5 30. Qxd3 Bf3+ 31. Kf1 Qxd3 32. exd3 Rd5 33. Re3 Bh5 34. Rc7 Bg6 35. Rxa7 Bxd3+ 36. Kf2 Bf5 37. Re8+ Kh7 38. Ree7 Be6 39. Rxf7 Bxf7 40. Rxf7 Rd2+ 41. Kf3 Rxa2 42. Rb7 Rb2 43. b4 Kg6 44. b5 Kf6 45. b6 Rb3+ 46. Kf4 Rb4+ 47. Kf3 Rb3+ 48. Kf2 Rb2+ 49. Ke3 Rb3+ 50. Kd4 Rxg3 51. Rc7 Rb3 52. b7 g5 53. Kc5 h5 54. Kc6 g4 55. hxg4 hxg4 56. Rc8 Kf5 57. b8=Q Rxb8 58. Rxb8 Ke4 59. Rf8 g3 60. Rg8 Kf3 61. Kd5 g2 62. Kd4 Kf2 63. Rf8+ Ke2 64. Rg8 Kf2 65. Rf8+ Ke2 66. Re8+ Kf2 67. Rf8+ 1/2-1/2

[Event "January 2 Early 2024"]
[Site "https://www.chess.com"]
[Date "2024.01.02"]
[Round "3"]
[White "Cordoba Roa, Angel Gabriel"]
[Black "Coca Cubillos, Jesus Alberto"]
[Result "0-1"]
[Board "108"]
[TimeControl "180+1"]
[WhiteFideId "3957624"]
[BlackFideId "4462912"]
[WhiteElo "2651"]
[BlackElo "2412"]
[WhiteTeam "COL"]
[BlackTeam "COL"]
[WhiteClock "0:01:56"]
[BlackClock "0:02:15"]

1. e4 g6 2. d4 Bg7 3. Nf3 d6 4. Bc4 Nh6 5. Qe2 O-O 6. O-O Kh8 7. Re1 Nc6 8. c3 Bg4 9. h3 Bxf3 10. Qxf3 e5 11. d5 Ne7 12. Bd3 f5 13. c4 f4 14. Nc3 g5 15. Qh5 Ng6 16. Be2 Qf6 17. Bd2 Rf7 18. b4 Rg8 19. c5 Bf8 20. Bg4 Nxg4 21. hxg4 Nh4 22. Nb5 Rg6 23. Nxa7 Rh6 24. Qxh6 Qxh6 25. f3 dxc5 26. Rec1 cxb4 27. Be1 Qa6 28. Nc8 Qe2 29. Bf2 Nxf3+ 30. gxf3 Qxf3 0-1

[Event "January 2 Early 2024"]
[Site "https://www.chess.com"]
[Date "2024.01.02"]
[Round "3"]
[White "Tanriverdi, Enes"]
[Black "Batbold, Nyamsuren"]
[Result "1-0"]
[Board "109"]
[TimeControl "180+1"]
[WhiteFideId "34543279"]
[BlackFideId "4903331"]
[WhiteElo "2651"]
[BlackElo "2410"]
[WhiteTeam "TUR"]
[BlackTeam "MGL"]
[WhiteClock "0:00:06"]
[BlackClock "0:00:02"]

1. Nf3 b6 2. e4 Bb7 3. Nc3 c5 4. d4 cxd4 5. Nxd4 g6 6. h4 h5 7. Bg5 Bg7 8. Qd2 Nc6 9. Nb3 Nf6 10. O-O-O d6 11. f3 Nd7 12. Nd5 a5 13. a4 Rc8 14. Bb5 f6 15. Be3 Kf7 16. Nf4 Nce5 17. Kb1 Nc5 18. Qe2 Nxb3 19. cxb3 Bh6 20. g3 f5 21. Bd4 Bxf4 22. gxf4 Nxf3 23. Bxh8 Bxe4+ 24. Ka2 Qxh8 25. Bc4+ Kf8 26. Qe3 Qf6 27. Qxb6 Nd2 28. Rxd2 Bxh1 29. Qxa5 Qxh4 30. Qa6 Ra8 31. Qb6 Qxf4 32. Rf2 Qe5 33. Re2 Be4 34. Bd3 Qa5 35. Qd4 Bxd3 36. Qxd3 Qb4 37. Qd5 Ra5 38. Qe6 Re5 39. Rxe5 dxe5 40. Qxg6 f4 41. Qf5+ Ke8 42. Qxh5+ Kd7 43. Qxe5 Qd6 44. Qf5+ e6 45. Qe4 e5 46. Qf5+ Kc6 47. Qc8+ Qc7 48. Qa6+ Qb6 49. Qc4+ Qc5 50. Qe6+ Kb7 51. Qf7+ Kb6 52. Qf6+ Ka5 53. Qf5 Qd4 54. Qc8 Qe3 55. Qb7 Qc5 56. Qa8+ Kb6 57. Qe4 Kc7 58. b4 Qd4 59. Qc2+ Kd6 60. Qb3 Qd5 61. b5 Qxb3+ 62. Kxb3 Kc5 63. Kc3 e4 64. b4+ Kb6 65. Kd4 e3 66. Kd3 Kb7 67. a5 Ka7 68. b6+ Ka6 69. Ke2 Kb7 70. b5 Kb8 71. a6 Ka8 72. Kf3 Kb8 73. b7 Ka7 74. b6+ Kb8 75. Ke2 f3+ 76. Kxf3 e2 77. a7+ Kxb7 78. Kxe2 1-0

[Event "January 2 Early 2024"]
[Site "https://www.chess.com"]
[Date "2024.01.02"]
[Round "3"]
[White "Mikhalsky, Vladimir"]
[Black "Gontcharov, Vladislav"]
[Result "0-1"]
[Board "110"]
[TimeControl "180+1"]
[WhiteFideId "14144352"]
[BlackFideId "4123492"]
[WhiteElo "2409"]
[BlackElo "2649"]
[WhiteTeam "UKR"]
[BlackTeam "RUS"]
[WhiteClock "0:00:47"]
[BlackClock "0:00:35"]

1. d4 Nf6 2. c4 c5 3. Nf3 cxd4 4. Nxd4 e5 5. Nb5 d5 6. cxd5 Bc5 7. N5c3 O-O 8. e3 Qe7 9. Be2 e4 10. Nd2 Rd8 11. Qc2 Bf5 12. g4 Nxg4 13. Ndxe4 Bb4 14. Bxg4 Bxe4 15. Qb3 Bxd5 16. Qa4 Bxh1 17. Bd2 Bc6 18. Qc2 Nd7 19. O-O-O Ne5 20. Bf5 g6 21. Rg1 Rxd2 22. Qxd2 Nf3 0-1

[Event "January 2 Early 2024"]
[Site "https://www.chess.com"]
[Date "2024.01.02"]
[Round "3"]
[White "Grave, Jacob Templen"]
[Black "Volkov, Maksim"]
[Result "0-1"]
[Board "111"]
[TimeControl "180+1"]
[WhiteFideId "1542656"]
[BlackFideId "54123070"]
[WhiteElo "2407"]
[BlackElo "2644"]
[WhiteTeam "NOR"]
[BlackTeam "RUS"]
[WhiteClock "0:00:02"]
[BlackClock "0:00:12"]

1. d4 Nf6 2. c4 e6 3. Nc3 Bb4 4. f3 d5 5. a3 Be7 6. e4 dxe4 7. fxe4 c5 8. d5 exd5 9. exd5 O-O 10. Be2 a6 11. Nf3 Bd6 12. O-O Bg4 13. Bg5 Nbd7 14. Nd2 Bxe2 15. Qxe2 h6 16. Bh4 Re8 17. Qf3 Be5 18. Nde4 Qb6 19. Kh1 Bd4 20. Rad1 Qxb2 21. Nxf6+ Bxf6 22. Bxf6 Nxf6 23. Na4 Qc2 24. Nxc5 Qxc4 25. Nxb7 Re7 26. d6 Rd7 27. Rc1 Qe4 28. Rc7 Qxf3 29. gxf3 Rxc7 30. dxc7 Rc8 31. Rc1 Nd5 32. Rc5 Rxc7 33. Rxd5 Rxb7 34. Rd8+ Kh7 35. Ra8 Rb3 36. Rxa6 Rxf3 37. Kg2 Rb3 38. a4 Ra3 39. Ra7 Kg6 40. a5 f5 41. a6 Kf6 42. Ra8 Kg5 43. a7 g6 44. Kf2 h5 45. Kg2 h4 46. h3 Kf4 47. Rg8 Rxa7 48. Rxg6 Ra2+ 49. Kg1 Ra3 50. Kh2 Ra2+ 51. Kh1 Kf3 52. Rg5 f4 53. Rg4 Rb2 54. Rxh4 Kg3 55. Rg4+ Kxh3 56. Rg1 Rh2# 0-1

[Event "January 2 Early 2024"]
[Site "https://www.chess.com"]
[Date "2024.01.02"]
[Round "3"]
[White "Timerkhanov, Alexander"]
[Black "Khromkin, Andrey"]
[Result "1-0"]
[Board "112"]
[TimeControl "180+1"]
[WhiteFideId "24177938"]
[BlackFideId "4154126"]
[WhiteElo "2643"]
[BlackElo "2404"]
[WhiteTeam "RUS"]
[BlackTeam "RUS"]
[WhiteClock "0:01:40"]
[BlackClock "0:01:29"]

1. d4 Nf6 2. Bg5 Ne4 3. h4 c5 4. d5 d6 5. Nd2 Qa5 6. c3 Nxd2 7. Qxd2 Bf5 8. f3 h6 9. Bf4 Nd7 10. e4 Bh7 11. g3 Ne5 12. Bxe5 dxe5 13. Bh3 c4 14. Ne2 Qc5 15. b4 cxb3 16. axb3 g6 17. b4 Qc7 18. Qd3 Bg7 19. Qb5+ Kf8 20. O-O Bf6 21. c4 Kg7 22. c5 a6 23. Qd3 g5 24. h5 a5 25. d6 e6 26. dxc7 axb4 27. Rxa8 Rxa8 28. Qd7 g4 29. Bxg4 Bg5 30. c8=Q Be3+ 31. Kg2 Rxc8 32. Qxc8 b3 33. Qxb7 1-0

[Event "January 2 Early 2024"]
[Site "https://www.chess.com"]
[Date "2024.01.02"]
[Round "3"]
[White "Hajiyev, Kanan"]
[Black "Begunov, Konstantin"]
[Result "0-1"]
[Board "113"]
[TimeControl "180+1"]
[WhiteFideId "13404148"]
[BlackFideId "4118510"]
[WhiteElo "2640"]
[BlackElo "2403"]
[WhiteTeam "AZE"]
[BlackTeam "RUS"]
[WhiteClock "0:00:34"]
[BlackClock "0:00:17"]

1. d4 d5 2. c4 c6 3. cxd5 cxd5 4. Nc3 Nf6 5. Nf3 Nc6 6. Bg5 Ne4 7. Bf4 Bf5 8. Qb3 Nxc3 9. bxc3 Qb6 10. Qxb6 axb6 11. e3 e6 12. a4 f6 13. Bb5 Kd7 14. Ke2 Bd6 15. Bxd6 Kxd6 16. Rhc1 Na5 17. Nd2 Rhc8 18. f3 Bg6 19. c4 dxc4 20. Nxc4+ Nxc4 21. Bxc4 Be8 22. Bb3 Rxc1 23. Rxc1 Bxa4 24. Bc4 Rc8 25. Kd2 b5 26. Bd3 Rxc1 27. Kxc1 h6 28. Kd2 b4 29. e4 e5 30. d5 Kc5 31. Bc2 b3 32. Bb1 Kd4 33. g3 g5 34. h4 Bb5 35. hxg5 hxg5 36. d6 Kc5 37. Kc3 Kxd6 38. Kxb3 Be2 39. Kb4 Bxf3 40. Bd3 Kc6 41. Bb5+ Kb6 42. Bc4 Bg4 43. Bd5 Bd7 44. Bc4 Bc6 45. Bd3 Kc7 46. Kc4 Kd6 47. Kb4 Bd7 48. Bc2 Be6 49. Bd3 Kc6 50. Bb5+ Kd6 51. Bd3 Bd7 52. Bc4 Bc6 53. Bd3 b6 54. Bc2 Ke6 55. Bd3 Kf7 56. Bc4+ Kg6 57. Bd3 Kh5 58. Be2+ Kg6 59. Bd3 g4 60. Kc4 Kg5 61. Kb4 Bd7 62. Kc4 f5 63. exf5 Bxf5 64. Be2 Bd7 65. Kd5 Kf5 66. Kd6 Ba4 67. Bd3+ Kf6 68. Be2 b5 69. Bxg4 b4 70. Bf3 Bc2 71. g4 b3 72. g5+ Kxg5 73. Bd5 b2 74. Ba2 Kf4 75. Kd5 b1=Q 76. Bxb1 Bxb1 77. Kc4 Ke3 78. Kc3 e4 0-1

[Event "January 2 Early 2024"]
[Site "https://www.chess.com"]
[Date "2024.01.02"]
[Round "3"]
[White "Kanter, Eduard"]
[Black "CamillaEffect"]
[Result "0-1"]
[Board "114"]
[TimeControl "180+1"]
[WhiteFideId "4103963"]
[WhiteElo "2400"]
[BlackElo "2634"]
[WhiteTeam "RUS"]
[WhiteClock "0:00:12"]
[BlackClock "0:00:20"]

1. e4 e5 2. Nf3 Nc6 3. Bb5 f5 4. d3 fxe4 5. dxe4 Nf6 6. Nc3 Bb4 7. Qd3 d6 8. Bd2 Bxc3 9. Bxc3 Qe7 10. O-O-O Be6 11. h3 a6 12. Ba4 b5 13. Bb3 Bxb3 14. axb3 O-O 15. Nh4 Qe6 16. g4 b4 17. Bd2 a5 18. Be3 a4 19. bxa4 Rxa4 20. b3 Ra2 21. Nf5 g6 22. Ng3 Rfa8 23. g5 Nd7 24. Qd5 Ra1+ 25. Kd2 Qxd5+ 26. exd5 Rxd1+ 27. Rxd1 Ne7 28. Ke1 Ra5 29. Bd2 Nxd5 30. Ne4 Ra2 31. Rc1 N7b6 32. c4 bxc3 33. Bxc3 Nf4 34. Rd1 Re2+ 0-1

[Event "January 2 Early 2024"]
[Site "https://www.chess.com"]
[Date "2024.01.02"]
[Round "3"]
[White "Tregubov, Pavel V."]
[Black "Ferro, Mario"]
[Result "1-0"]
[Board "115"]
[TimeControl "180+1"]
[WhiteFideId "4115341"]
[BlackFideId "810290"]
[WhiteElo "2631"]
[BlackElo "2401"]
[WhiteTeam "FRA"]
[BlackTeam "ITA"]
[WhiteClock "0:00:35"]
[BlackClock "0:00:00"]

1. e4 g6 2. d4 Bg7 3. Nf3 d6 4. Nc3 a6 5. Be2 b5 6. O-O Bb7 7. Re1 e6 8. Bf1 Ne7 9. a4 b4 10. Na2 c5 11. c3 bxc3 12. Nxc3 Nd7 13. dxc5 Nxc5 14. e5 dxe5 15. Qxd8+ Rxd8 16. Nxe5 Nb3 17. Rb1 Nxc1 18. Rbxc1 O-O 19. Nc4 Nd5 20. Ne4 Nb4 21. Nc5 Bd5 22. b3 Bd4 23. Nb6 Bxc5 24. Rxc5 Rb8 25. Nxd5 exd5 26. Rd1 Rfd8 27. Rd4 Kf8 28. Rc7 g5 29. f4 h6 30. fxg5 hxg5 31. h4 Kg7 32. hxg5 Rd6 33. Rf4 d4 34. Rcxf7+ Kg6 35. R4f6+ Rxf6 36. Rxf6+ Kxg5 37. Rd6 d3 38. Bxd3 Nxd3 39. Rxd3 Kf4 40. Kf2 1-0

[Event "January 2 Early 2024"]
[Site "https://www.chess.com"]
[Date "2024.01.02"]
[Round "3"]
[White "Poltorak, Sebastian"]
[Black "Skibbe, Willi"]
[Result "1-0"]
[Board "116"]
[TimeControl "180+1"]
[WhiteFideId "1199498"]
[BlackFideId "4682190"]
[WhiteElo "2630"]
[BlackElo "2400"]
[WhiteTeam "POL"]
[BlackTeam "GER"]
[WhiteClock "0:00:42"]
[BlackClock "0:00:02"]

1. d4 d5 2. c4 e6 3. Nc3 c6 4. e4 dxe4 5. Nxe4 Bb4+ 6. Bd2 Qxd4 7. Bxb4 Qxe4+ 8. Be2 Na6 9. Ba5 b6 10. Qd6 Bd7 11. Bc3 Ne7 12. Rd1 Rd8 13. Nf3 c5 14. b3 Nf5 15. Qd3 Qxd3 16. Bxd3 f6 17. g4 Bc6 18. Ke2 Bxf3+ 19. Kxf3 Nd4+ 20. Ke3 e5 21. f4 exf4+ 22. Kxf4 O-O 23. Be4 Ne2+ 24. Kf3 Nxc3 25. Rxd8 Rxd8 26. Bf5 Nc7 27. Rc1 g6 28. Bc2 Nxa2 29. Be4 Nb4 30. h4 a5 31. h5 Kg7 32. Re1 Ne6 33. Kg3 Ng5 34. Bb1 Rd7 35. Re8 gxh5 36. gxh5 h6 37. Bf5 Rc7 38. Rb8 Nc6 39. Rxb6 Nd4 40. Bg6 Nf7 41. Kf4 Ne5 42. Be4 Ne2+ 43. Ke3 Nd4 44. Kf4 Re7 45. Bd5 Ne2+ 46. Kf5 Nc3 47. Rb8 Nxd5 48. cxd5 Rd7 49. Ke6 Rf7 50. d6 Nd3 51. d7 Nf4+ 52. Kd6 Nd3 53. d8=Q Ne5 54. Qh8# 1-0

[Event "January 2 Early 2024"]
[Site "https://www.chess.com"]
[Date "2024.01.02"]
[Round "3"]
[White "Topalov, Aleksandar"]
[Black "Sipila, Vilka"]
[Result "1/2-1/2"]
[Board "117"]
[TimeControl "180+1"]
[WhiteFideId "925659"]
[BlackFideId "505455"]
[WhiteElo "2399"]
[BlackElo "2630"]
[WhiteTeam "SRB"]
[BlackTeam "FIN"]
[WhiteClock "0:00:13"]
[BlackClock "0:00:37"]

1. b3 c5 2. Bb2 Nc6 3. Nf3 Nf6 4. c4 g6 5. e3 Bg7 6. Be2 O-O 7. O-O b6 8. d4 cxd4 9. Nxd4 Bb7 10. Bf3 Rc8 11. Nc3 Qc7 12. Nxc6 Bxc6 13. Bxc6 dxc6 14. Qe2 Rfd8 15. Rfd1 Nd7 16. Rd2 Nc5 17. Rad1 h5 18. h3 a5 19. Qf3 Ne6 20. Na4 Bxb2 21. Nxb2 b5 22. Qe2 Rxd2 23. Rxd2 Qb7 24. Rc2 Ra8 25. cxb5 cxb5 26. Nd3 Qb6 27. Qf3 Ra7 28. Ne5 Ng5 29. Qf4 Qf6 30. Qxf6 exf6 31. Rc8+ Kg7 32. Nc6 Ra6 33. f3 Ne6 34. Kf2 Nc5 35. Ke2 Nb7 36. Nd4 b4 37. Rc7 Nd6 38. Rc6 Rxc6 39. Nxc6 Nb5 40. Nxa5 Nc3+ 41. Kd3 Nxa2 42. Kc4 f5 43. Nc6 Nc3 44. Nxb4 Nd1 45. Kd3 Nf2+ 46. Ke2 Nh1 47. Nd5 Kf8 48. b4 Ke8 49. b5 Kd7 50. Kd3 Ng3 51. Kd4 Kd6 52. e4 fxe4 53. fxe4 Ne2+ 54. Ke3 Nc1 55. Kd4 Nb3+ 56. Kc4 Nd2+ 57. Kd4 Nb3+ 58. Kc3 Nc5 59. Kd4 Nb3+ 1/2-1/2

[Event "January 2 Early 2024"]
[Site "https://www.chess.com"]
[Date "2024.01.02"]
[Round "3"]
[White "Ovezdurdyyeva, Jemal"]
[Black "Mirzoev, Azer"]
[Result "0-1"]
[Board "118"]
[TimeControl "180+1"]
[WhiteFideId "14001888"]
[BlackFideId "13400304"]
[WhiteElo "2399"]
[BlackElo "2627"]
[WhiteTeam "TKM"]
[BlackTeam "AZE"]
[WhiteClock "0:00:00"]
[BlackClock "0:00:29"]

1. e4 c6 2. d4 d5 3. Nc3 dxe4 4. Nxe4 Bf5 5. Ng3 Bg6 6. Nf3 e6 7. h4 h6 8. h5 Bh7 9. Be2 Nf6 10. O-O Bd6 11. Ne5 Nbd7 12. Bf4 Qc7 13. Nxd7 Bxf4 14. Nxf6+ gxf6 15. c4 O-O-O 16. Qb3 Rhg8 17. d5 exd5 18. cxd5 Rxd5 19. Bf3 Rd3 20. Qa4 Bxg3 21. fxg3 Kb8 22. g4 f5 23. gxf5 Bxf5 24. Qh4 Be6 25. Rad1 Rxd1 26. Rxd1 a6 27. b3 Rg5 28. Qd4 Bd5 29. Bxd5 cxd5 30. Qh8+ Ka7 31. Qd4+ Qb6 32. Qxb6+ Kxb6 33. Rf1 f5 34. Re1 Rxh5 35. Kf2 Kc5 36. Kf3 a5 37. Re7 b5 38. Ra7 Kb4 39. Rd7 f4 40. Kxf4 Ka3 41. Ra7 a4 42. Ra5 Kb4 43. Ra7 axb3 44. axb3 Kxb3 45. g4 Rh1 46. Rd7 Kc4 47. Rc7+ Kd4 48. Rb7 Kc5 49. Rc7+ Kb6 50. Rd7 Kc6 51. Rd8 b4 52. Rb8 Kc5 53. Rc8+ Kb5 54. Rb8+ Kc4 55. Rc8+ Kd4 0-1

[Event "January 2 Early 2024"]
[Site "https://www.chess.com"]
[Date "2024.01.02"]
[Round "3"]
[White "Golubev, Mikhail"]
[Black "Carre, Sylvain"]
[Result "0-1"]
[Board "119"]
[TimeControl "180+1"]
[WhiteFideId "14100983"]
[BlackFideId "642118"]
[WhiteElo "2625"]
[BlackElo "2399"]
[WhiteTeam "UKR"]
[BlackTeam "FRA"]
[WhiteClock "0:00:00"]
[BlackClock "0:00:09"]

1. e4 e5 2. Nf3 Nf6 3. Nxe5 d6 4. Nf3 Nxe4 5. Qe2 Qe7 6. d3 Nf6 7. Bg5 Nbd7 8. Nc3 Qxe2+ 9. Bxe2 c6 10. O-O-O Be7 11. Rde1 O-O 12. Bd1 Bd8 13. Bf4 Bc7 14. h3 Nb6 15. g4 Nbd5 16. Nxd5 Nxd5 17. Bg3 Bd7 18. Ng5 Nf6 19. Bf3 Rfe8 20. Ne4 Nxe4 21. Bxe4 Rad8 22. d4 Bc8 23. Bd3 h6 24. Kd2 Kf8 25. f3 Rxe1 26. Rxe1 Re8 27. Rh1 Be6 28. h4 Bd5 29. Rf1 b5 30. a3 a5 31. g5 hxg5 32. hxg5 g6 33. f4 a4 34. f5 gxf5 35. Bxf5 Kg7 36. Rh1 Be6 37. Be4 d5 38. Bxc7 dxe4 39. Be5+ Kg6 40. Bf6 Bc4 41. Rh6+ Kf5 42. Ke3 Bd5 43. c3 Rg8 44. Rh4 Rg6 45. Rf4+ Ke6 46. Bd8 Rg7 47. Bf6 Rg6 48. Bd8 Rg7 49. Bf6 Rh7 50. Be5 Rh3+ 51. Ke2 Rf3 52. Rxf3 exf3+ 53. Kf2 Kf5 54. Bf6 Ke4 0-1

[Event "January 2 Early 2024"]
[Site "https://www.chess.com"]
[Date "2024.01.02"]
[Round "3"]
[White "Tiarks, Jann-Christian"]
[Black "Povshednyi, Ivan"]
[Result "1-0"]
[Board "120"]
[TimeControl "180+1"]
[WhiteFideId "12951595"]
[BlackFideId "14190907"]
[WhiteElo "2398"]
[BlackElo "2625"]
[WhiteTeam "GER"]
[BlackTeam "UKR"]
[WhiteClock "0:00:59"]
[BlackClock "0:00:16"]

1. e4 c6 2. Nf3 d5 3. Nc3 dxe4 4. Nxe4 Nf6 5. Qe2 Nxe4 6. Qxe4 Be6 7. c4 Nd7 8. d4 Nf6 9. Qc2 g6 10. Bd3 Bg4 11. Be3 Bxf3 12. gxf3 Bg7 13. O-O-O Nh5 14. Kb1 Qc7 15. d5 cxd5 16. cxd5 Qxc2+ 17. Bxc2 O-O 18. Rhe1 Bf6 19. d6 exd6 20. Rxd6 Rfd8 21. Red1 Rxd6 22. Rxd6 Rd8 23. Rxd8+ Bxd8 24. Bxa7 Bc7 25. Be4 b5 26. Bc6 b4 27. Bc5 Bxh2 28. Bxb4 Bc7 29. Bd2 Nf4 30. Bxf4 Bxf4 31. Bb5 Kf8 32. Bf1 Ke7 33. Kc2 Kd6 34. b4 Bh2 35. Bc4 f6 36. Bg8 h6 37. Kd3 Kc6 38. a4 Bd6 39. Kc4 Bh2 40. Bd5+ Kc7 41. Kd3 Bd6 42. Kc4 Bh2 43. Kb5 Bg1 44. Ka6 Bxf2 45. b5 h5 46. a5 Kb8 47. Bf7 h4 48. Bxg6 h3 49. f4 Be3 50. Be4 Bxf4 51. b6 Bd2 52. Kb5 h2 53. a6 f5 54. Bf3 Be3 55. a7+ Kc8 56. a8=Q+ Kd7 57. Qc6+ Ke7 58. b7 Bf4 59. Qc8 Kf6 60. b8=Q Bxb8 61. Qxb8 f4 62. Qxf4+ Kg6 63. Qxh2 Kg5 64. Qg3+ Kh6 65. Kc5 Kh7 66. Kd6 Kh6 67. Ke6 Kh7 68. Kf6 Kh6 69. Qg6# 1-0

[Event "January 2 Early 2024"]
[Site "https://www.chess.com"]
[Date "2024.01.02"]
[Round "3"]
[White "Shadhursshaan R"]
[Black "Souleidis, Georgios"]
[Result "0-1"]
[Board "121"]
[TimeControl "180+1"]
[WhiteFideId "45024138"]
[BlackFideId "4206827"]
[WhiteElo "2397"]
[BlackElo "2620"]
[WhiteTeam "IND"]
[BlackTeam "GRE"]
[WhiteClock "0:00:38"]
[BlackClock "0:00:11"]

1. d4 Nf6 2. c4 g6 3. Nf3 Bg7 4. g4 Nxg4 5. Bg2 O-O 6. O-O d6 7. Nc3 e5 8. h3 exd4 9. Nxd4 Ne5 10. b3 Nbc6 11. Nxc6 Nxc6 12. Bb2 Qh4 13. Qd3 Bf5 14. e4 Be6 15. Rad1 Rfe8 16. f4 f5 17. Bc1 fxe4 18. Nxe4 Bf5 19. Qd5+ Kh8 20. Ng5 h6 21. Nf3 Qg3 22. Kh1 Re2 23. Ng1 Be4 24. Qxe4 Rxe4 25. Bxe4 Re8 26. Rd3 Qh4 27. Bxg6 Re1 28. Rxe1 Qxe1 29. Bd2 Qf2 30. Be3 Qf1 31. Bd2 Bd4 32. Rg3 Qd1 33. Bc3 Bxc3 34. Rxc3 Qd2 35. Rc2 Qxf4 36. Rg2 Ne5 37. Ne2 Qf1+ 38. Ng1 Nf3 39. Be4 Nxg1 40. Kh2 Nf3+ 41. Kg3 Ne1 42. Rf2 Qg1+ 43. Bg2 Nxg2 44. Rxg2 Qe3+ 45. Kh2 c5 46. Rg3 Qe5 47. Kg2 b6 48. Kh2 d5 49. cxd5 Qxd5 50. Rg2 Qe5+ 51. Kh1 h5 52. Rf2 b5 53. Rg2 c4 54. bxc4 bxc4 55. Rc2 c3 56. Rg2 Qe4 57. Kh2 Qxg2+ 58. Kxg2 c2 59. Kg3 c1=Q 60. Kh4 0-1